 Dungeon Sprint DCSS version 0.21.2 (webtiles) character file.

37204 Fang the Executioner (level 13, -6/100 HPs)
             Began as a Gargoyle Berserker on Sept 25, 2018.
             Was the Champion of Trog.
             Shot with a bolt by a yaktaur captain (18 damage)
             ... in the Dungeon (Sprint IX: "|||||||||||||||||||||||||||||").
             The game lasted 00:17:00 (4526 turns).

Fang the Executioner (Gargoyle Berserker)           Turns: 4526, Time: 00:17:00

Health: -6/100     AC: 37    Str: 21    XL:     13   Next: 95%
Magic:  4/4        EV: 11    Int:  7    God:    Trog [******]
Gold:   1366       SH:  0    Dex: 12    Spells: 12/12 levels left

rFire    + . .     SeeInvis +   r - +10 war axe "Dahy" {antimagic, +Rage rC+++ Str-4 SInv}
rCold    + + +     Gourm    .   (no shield)
rNeg     + . .     Faith    .   D - +3 plate armour {rF+}
rPois    ∞         Spirit   .   (no helmet)
rElec    +         Reflect  .   p - +1 cloak of Bitterness {rPois rC++ Int-2 Slay-2}
rCorr    .         Harm     .   F - +1 pair of gloves
MR       .....     NoTele   +   (no boots)
Stlth    ..........             (no amulet)
HPRegen  0.26/turn              n - +3 ring of dexterity
MPRegen  0.09/turn              o - +2 ring of protection

@: berserk cooldown, slowed, very slow
A: negative energy resistance 1, electricity resistance, unbreathing,
petrification resistance, rot immunity, AC +9
a: Berserk, Trog's Hand, Brothers in Arms, Burn Spellbooks, Renounce Religion,
Evoke Berserk Rage


You were in the Dungeon.
You worshipped Trog.
Trog was exalted by your worship.
You were very hungry.

You visited 1 branch You collected 1714 gold pieces.
You spent 348 gold pieces at shops.

Inventory:

Hand Weapons
 b - the +4 battleaxe of Giuxof {flame, +Rage SInv}
   (Trog gifted it to you in the Dungeon)

   It has been specially enchanted to burn those struck by it, causing extra
   injury to most foes and up to half again as much damage against particularly
   susceptible opponents.
   Big, fiery blades are also staple armaments of hydra-hunters.
   It lets you see invisible.
   It lets you go berserk.
 m - a +2 hand axe of electrocution
 r - the +10 war axe "Dahy" (weapon) {antimagic, +Rage rC+++ Str-4 SInv}
   (Trog gifted it to you in the Dungeon)

   It reduces the magical energy of the wielder, and disrupts the spells and
   magical abilities of those hit.
   Natural abilities and divine invocations are not affected.
   It affects your strength (-4).
   It renders you almost immune to cold.
   It lets you see invisible.
   It lets you go berserk.
 u - the +5 battleaxe of the Extremes {flame, Dex+2}
   (Trog gifted it to you in the Dungeon)

   It has been specially enchanted to burn those struck by it, causing extra
   injury to most foes and up to half again as much damage against particularly
   susceptible opponents.
   Big, fiery blades are also staple armaments of hydra-hunters.
   It affects your dexterity (+2).
 v - a +6 battleaxe of draining
 G - a +4 battleaxe of chopping
Missiles
 x - 2 javelins of returning (quivered)
Armour
 p - the +1 cloak of Bitterness (worn) {rPois rC++ Int-2 Slay-2}
   (You bought it in a shop in the Dungeon)

   It affects your intelligence (-2).
   It affects your accuracy and damage with ranged weapons and melee attacks
   (-2).
   It greatly protects you from cold.
   It protects you from poison.
 D - a +3 plate armour of fire resistance (worn)
 F - a +1 pair of gloves (worn)
Jewellery
 n - a +3 ring of dexterity (left hand)
 o - a +2 ring of protection (right hand)
 A - an uncursed ring of protection from magic
 B - an uncursed ring of ice
 C - an uncursed ring of protection from cold
Wands
 l - a wand of iceblast (10)
Scrolls
 i - 6 scrolls of blinking
 k - 3 scrolls of remove curse
 s - 2 scrolls of fog
 t - a scroll of fear
 y - 2 scrolls of enchant armour
 E - a scroll of identify
Potions
 a - a potion of brilliance
 d - 3 potions of curing
 e - a potion of heal wounds
 f - 4 potions of haste
 g - 4 potions of magic
 h - 3 potions of berserk rage
 j - a potion of invisibility
 q - a potion of agility
 w - 2 potions of might
Comestibles
 c - 10 rations


   Skills:
 + Level 19.5 Fighting
 + Level 21.6 Axes
 + Level 16.6 Armour
 + Level 9.8 Dodging
 + Level 5.6 Stealth


You had 12 spell levels left.
You didn't know any spells.

Dungeon Overview and Level Annotations

Branches:
Dungeon (1/1)

Altars:
Cheibriados
Dithmenos
Elyvilon
Fedhas
Gozag
Hepliaklqana
Kikubaaqudgha
Makhleb
Nemelex Xobeh
Okawaru
Qazlal
Ru
Sif Muna
Trog
Uskayaw
Vehumet
Wu Jian
Xom
Yredelemnul
Zin
The Shining One
Beogh
Jiyva
Lugonu

Shops:
D %*}:

Annotations:
D Maurice


Innate Abilities, Weirdness & Mutations

You are resistant to torment.
Your stone body is resilient. (AC +9)
You are immune to poison.
You resist negative energy. (rN+)
You are resistant to electric shocks. (rElec)
You can survive without breathing.
You are immune to petrification.
You are immune to rotting.


Message History

You feel your anger nearly subside.
You are no longer berserk.
You are exhausted.
You feel yourself slow down.
The yaktaur captain shoots a bolt.
The bolt hits you but does no damage.
You see here a bolt.
The yaktaur captain shoots a bolt.
The bolt hits you!!
* * * LOW HITPOINT WARNING * * *
You see here a bolt.
The yaktaur captain shoots a bolt.
The bolt hits you.
* * * LOW HITPOINT WARNING * * *
You see here a bolt.
The yaktaur captain shoots a bolt.
The bolt misses you.
You see here a bolt.
You feel better.
You feel better.
The yaktaur captain shoots a bolt.
The bolt hits you!
* * * LOW HITPOINT WARNING * * *
Your troll goes berserk!
You are feeling very hungry.
The yaktaur captain shoots a bolt.
The bolt hits you!!
You die...

▓▓▓▓▓▓▓▓▓▓▓▓▓▓▓▓▓▓
.▓...▓...▓...▓T.@▓
.▓.▓.▓.▓.▓.▓.▓.▓(▓
.▓.▓.▓.▓.▓.▓.▓.▓.▓
.▓.▓.▓.▓.▓.▓.▓.▓.▓
.▓.▓.▓.▓.▓.▓.▓.▓(▓
.▓.▓.▓.▓.▓.▓.▓.▓c▓
.▓.▓.▓.▓.▓.▓.▓.▓D▓
'▓.▓.▓.▓.▓.▓.▓.▓D▓
.▓.▓.▓.▓.▓.▓.▓.▓.▓


You could see 2 ice dragons, a yaktaur captain and a friendly troll (berserk).

Vanquished Creatures
  A nagaraja (D)
  An emperor scorpion (D)
  A very ugly thing (D)
  Nessos (D)
  2 ettins (D)
  A merfolk javelineer (D)
  Harold (D)
  A merfolk avatar (D)
  An anaconda (D)
  A centaur warrior (D)
  Erica (D)
  A tengu warrior (D)
  A two-headed ogre (D)
  6 orc high priests (D)
  A deep troll earth mage (D)
  A salamander mystic (D)
  A sea snake (D)
  A spriggan druid (D)
  A naga ritualist (D)
  An orb spider (D)
  2 orc knights (D)
  An ugly thing (D)
  2 moths of wrath (D)
  A salamander (D)
  2 manticores (D)
  2 merfolk sirens (D)
  A cyclops (D)
  2 naga magi (D)
  Psyche (D)
  A black mamba (D)
  Joseph (D)
  6 spiny frogs (D)
  A yaktaur (D)
  A komodo dragon (D)
  A demonic crawler (D)
  A jumping spider (D)
  A merfolk (D)
  5 polar bears (D)
  4 hornets (D)
  A tyrant leech (D)
  2 slime creatures (D)
  2 redbacks (D)
  2 tarantellas (D)
  A spriggan (D)
  A wraith (D)
  2 yaks (D)
  2 basilisks (D)
  A vampire mosquito (D)
  A naga (D)
  3 water moccasins (D)
  2 porcupines (D)
  3 black bears (D)
  5 orc warriors (D)
  A swamp drake (D)
  2 ice beasts (D)
  A centaur (D)
  3 crocodiles (D)
  2 bullfrogs (D)
  2 crimson imps (D)
  A hound (D)
  2 orc wizards (D)
  A gnoll shaman (D)
  3 orc priests (D)
  A worker ant (D)
  An adder skeleton (D)
  8 orcs (D)
  A giant cockroach (D)
  A goblin (D)
  A hobgoblin (D)
  A bat (D)
  A jackal skeleton (D)
  A kobold (D)
124 creatures vanquished.

Vanquished Creatures (collateral kills)
  A fire giant (D)
  An ettin (D)
  A great orb of eyes (D)
  An ogre mage (D)
  4 orc high priests (D)
  3 orc knights (D)
  A cyclops (D)
  2 manticores (D)
  A slime creature (D)
  4 orc warriors (D)
  An ice beast (D)
  An orc (D)
  A bat skeleton (D)
  A leopard gecko skeleton (D)
23 creatures vanquished.

Vanquished Creatures (others)
  An unseen horror (D)
  A spriggan (D)
2 creatures vanquished.

Grand Total: 149 creatures vanquished

Notes
Turn   | Place    | Note
-------+----------+-------------------------------------------
     0 | D        | Fang the Gargoyle Berserker began the quest for the Orb.
     0 | D        | Reached XP level 1. HP: 14/14 MP: 1/1
     5 | D        | Reached skill level 3 in Axes
    13 | D        | Reached ** piety under Trog
   223 | D        | Noticed a hound
   223 | D        | Noticed a centaur
   223 | D        | Noticed a crimson imp
   223 | D        | Noticed a crimson imp
   227 | D        | Killed a hound
   227 | D        | Reached skill level 5 in Fighting
   227 | D        | Reached skill level 4 in Axes
   227 | D        | Reached XP level 2. HP: 21/21 MP: 2/2
   227 | D        | Reached XP level 3. HP: 26/26 MP: 3/3
   230 | D        | Killed a centaur
   230 | D        | Reached *** piety under Trog
   230 | D        | Reached skill level 6 in Axes
   230 | D        | Reached XP level 4. HP: 32/32 MP: 4/4
   235 | D        | Reached XP level 5. HP: 37/37 MP: 5/5
   302 | D        | Reached skill level 7 in Axes
   498 | D        | Found a roughly hewn altar of Beogh.
   498 | D        | Found a snail-covered altar of Cheibriados.
   498 | D        | Found a shadowy altar of Dithmenos.
   498 | D        | Found a white marble altar of Elyvilon.
   498 | D        | Found a blossoming altar of Fedhas.
   498 | D        | Found an opulent altar of Gozag.
   499 | D        | Found a hazy altar of Hepliaklqana.
   500 | D        | Found a viscous altar of Jiyva.
   501 | D        | Found an ancient bone altar of Kikubaaqudgha.
   502 | D        | Found a corrupted altar of Lugonu.
   503 | D        | Found a burning altar of Makhleb.
   504 | D        | Found a sparkling altar of Nemelex Xobeh.
   505 | D        | Found an iron altar of Okawaru.
   506 | D        | Found a stormy altar of Qazlal.
   507 | D        | Found a sacrificial altar of Ru.
   508 | D        | Found a deep blue altar of Sif Muna.
   509 | D        | Found a bloodstained altar of Trog.
   510 | D        | Found a hide-covered altar of Uskayaw.
   511 | D        | Found a radiant altar of Vehumet.
   512 | D        | Found an ornate altar of the Wu Jian Council.
   513 | D        | Found a shimmering altar of Xom.
   514 | D        | Found a basalt altar of Yredelemnul.
   515 | D        | Found a glowing silver altar of Zin.
   516 | D        | Found a glowing golden altar of the Shining One.
   561 | D        | Noticed an ice beast
   561 | D        | Noticed a two-headed ogre
   561 | D        | Noticed an ice beast
   565 | D        | Killed an ice beast
   565 | D        | Reached **** piety under Trog
   565 | D        | Reached skill level 8 in Axes
   565 | D        | Reached skill level 1 in Stealth
   565 | D        | Reached XP level 6. HP: 45/45 MP: 6/6
   568 | D        | Killed a two-headed ogre
   568 | D        | Reached skill level 10 in Fighting
   568 | D        | Reached skill level 11 in Axes
   568 | D        | Reached skill level 5 in Armour
   568 | D        | Reached XP level 7. HP: 53/53 MP: 7/7
   568 | D        | Reached XP level 8. HP: 58/58 MP: 8/8
   574 | D        | Reached ***** piety under Trog
   678 | D        | Noticed a slime creature
   678 | D        | Noticed a purple ugly thing
   678 | D        | Noticed a wraith
   682 | D        | Killed a slime creature
   685 | D        | Killed a purple ugly thing
   685 | D        | Reached skill level 12 in Axes
   685 | D        | Reached XP level 9. HP: 64/64 MP: 9/9
   687 | D        | Received a gift from Trog
   697 | D        | Got a dazzling battleaxe {god gift}
   698 | D        | Identified the +4 battleaxe of Giuxof {flame, +Rage SInv} (Trog gifted it to you in the Dungeon)
   924 | D        | Noticed a spiny frog
   924 | D        | Noticed a komodo dragon
   927 | D        | Killed a spiny frog
   927 | D        | Reached skill level 13 in Axes
   930 | D        | Killed a komodo dragon
   934 | D        | Received a gift from Trog
   939 | D        | Reached skill level 14 in Axes
  1108 | D        | Noticed a spiny frog
  1108 | D        | Noticed a spiny frog
  1108 | D        | Noticed a spiny frog
  1112 | D        | Noticed a spiny frog
  1115 | D        | Reached XP level 10. HP: 72/72 MP: 10/10
  1118 | D        | Received a gift from Trog
  1119 | D        | Killed a spiny frog
  1126 | D        | Killed a spiny frog
  1126 | D        | Reached skill level 15 in Axes
  1129 | D        | Killed a spiny frog
  1130 | D        | Killed a spiny frog
  1135 | D        | Reached ****** piety under Trog
  1185 | D        | Received a gift from Trog
  1198 | D        | Reached skill level 16 in Axes
  1405 | D        | Noticed Psyche
  1410 | D        | Killed Psyche
  1410 | D        | Reached XP level 11. HP: 75/80 MP: 11/11
  1440 | D        | Noticed Harold
  1455 | D        | Killed Harold
  1455 | D        | Received a gift from Trog
  1692 | D        | Noticed an ettin
  1698 | D        | Killed an ettin
  1698 | D        | Reached skill level 17 in Axes
  1716 | D        | Received a gift from Trog
  1729 | D        | Received a gift from Trog
  1781 | D        | Noticed an orc knight
  1789 | D        | Noticed an orc knight
  1796 | D        | Killed an orc knight
  1808 | D        | Killed an orc knight
  1810 | D        | Received a gift from Trog
  2021 | D        | Found Woceink's Food Emporium.
  2021 | D        | Noticed an orc high priest
  2021 | D        | Noticed an orc high priest
  2021 | D        | Noticed an orc high priest
  2021 | D        | Noticed an orc high priest
  2021 | D        | Noticed an orc high priest
  2022 | D        | Noticed a sixfirhy
  2025 | D        | Killed an orc high priest
  2031 | D        | Killed an orc high priest
  2031 | D        | Reached skill level 15 in Fighting
  2031 | D        | Reached skill level 10 in Armour
  2034 | D        | Killed an orc high priest
  2034 | D        | Reached skill level 18 in Axes
  2035 | D        | Found Tuymnusk's Assorted Antiques.
  2035 | D        | Noticed an orc high priest
  2038 | D        | Killed an orc high priest
  2039 | D        | Noticed an orc knight
  2041 | D        | Killed an orc high priest
  2041 | D        | Received a gift from Trog
  2042 | D        | Noticed an orc high priest
  2042 | D        | Found Nilliret's Gadget Emporium.
  2043 | D        | Killed an orc high priest
  2043 | D        | Reached XP level 12. HP: 82/88 MP: 12/12
  2045 | D        | Found Tarix's Book Shoppe.
  2054 | D        | Killed an orc high priest
  2062 | D        | Noticed an orc high priest
  2066 | D        | Killed an orc high priest
  2069 | D        | Noticed an orc high priest
  2069 | D        | Noticed an orc high priest
  2070 | D        | Noticed a soul eater
  2089 | D        | Killed an orc high priest
  2089 | D        | Received a gift from Trog
  2090 | D        | Got a blackened war axe {god gift}
  2090 | D        | Killed an orc high priest
  2091 | D        | Identified the +10 war axe "Dahy" {antimagic, +Rage rC+++ Str-4 SInv} (Trog gifted it to you in the Dungeon)
  2117 | D        | Reached skill level 19 in Axes
  2431 | D        | Bought a steaming cloak for 228 gold pieces
  2431 | D        | Bought a potion of heal wounds for 120 gold pieces
  2440 | D        | Identified the +1 cloak of Bitterness {rPois rC++ Int-2 Slay-2} (You bought it in a shop in the Dungeon)
  2500 | D        | Noticed Maurice
  2502 | D        | Noticed Joseph
  2514 | D        | Killed Joseph
  2710 | D        | Noticed an ogre mage
  2711 | D        | Noticed a fire giant
  2716 | D        | Killed a fire giant
  2718 | D        | Noticed an ettin
  2718 | D        | Killed an ogre mage
  2718 | D        | Received a gift from Trog
  2721 | D        | Killed an ettin
  2756 | D        | Noticed a centaur warrior
  2775 | D        | Killed a centaur warrior
  2961 | D        | Noticed a tengu warrior
  2962 | D        | Noticed a red very ugly thing
  2963 | D        | Noticed a deep troll earth mage
  2977 | D        | Killed a red very ugly thing
  2977 | D        | Received a gift from Trog
  2981 | D        | Killed a tengu warrior
  2989 | D        | Killed a deep troll earth mage
  3095 | D        | Noticed Erica
  3106 | D        | Killed Erica
  3106 | D        | Reached skill level 20 in Axes
  3158 | D        | Noticed a merfolk javelineer
  3170 | D        | Noticed a merfolk avatar
  3185 | D        | Reached XP level 13. HP: 94/96 MP: 4/13
  3190 | D        | Killed a merfolk javelineer
  3198 | D        | Received a gift from Trog
  3519 | D        | Noticed an emperor scorpion
  3519 | D        | Received a gift from Trog
  3546 | D        | Killed an emperor scorpion
  3546 | D        | Reached skill level 15 in Armour
  3627 | D        | Noticed a nagaraja
  3637 | D        | Killed a nagaraja
  3642 | D        | Received a gift from Trog
  3647 | D        | Reached skill level 21 in Axes
  3671 | D        | Received a gift from Trog
  3680 | D        | Got an encrusted battleaxe {god gift}
  3693 | D        | Identified the +5 battleaxe of the Extremes {flame, Dex+2} (Trog gifted it to you in the Dungeon)
  3983 | D        | Received a gift from Trog
  4096 | D        | Received a gift from Trog
  4096 | D        | Reached skill level 5 in Stealth
  4246 | D        | Noticed Nessos
  4269 | D        | Killed Nessos
  4269 | D        | Received a gift from Trog
  4495 | D        | Noticed an ettin
  4495 | D        | Noticed a great orb of eyes
  4495 | D        | Noticed a yaktaur captain
  4495 | D        | Noticed an ice dragon
  4495 | D        | Noticed an ice dragon
  4499 | D        | Killed a great orb of eyes
  4507 | D        | Killed an ettin
  4516 | D        | HP: 2/100 [yaktaur captain/bolt (22)]
  4526 | D        | Shot with a bolt by a yaktaur captain

Skill      XL: |  1  2  3  4  5  6  7  8  9 10 11 12 13 |
---------------+----------------------------------------+-----
Axes           | 4 6 8 11 12 14 16 18 20 21 | 21.6
Fighting       | 5 6 8 10 11 12 14 15 17 19 | 19.5
Dodging        | 2 3 4 6 7 8 9 |  9.8
Armour         | 3 4 5 6 7 10 14 16 | 16.6
Stealth        | 1 2 3 4 5 |  5.6

Action                   |  1- 3 |  4- 6 |  7- 9 | 10-12 | 13-15 || total
-------------------------+-------+-------+-------+-------+-------++-------
Melee: Hand axe          |    28 |    52 |       |       |       ||    80
       War axe           |       |     6 |    24 |    85 |   184 ||   299
       Battleaxe         |       |       |    23 |   135 |       ||   158
Invok: Berserk           |     1 |     1 |     3 |     6 |     4 ||    15
       Brothers in Arms  |       |       |       |     6 |     2 ||     8
  Use: Potion            |       |       |       |     4 |     3 ||     7
       Scroll            |       |       |       |     1 |       ||     1
 Stab: Confused          |       |       |       |       |     3 ||     3
  Eat: Chunk             |       |       |     4 |    15 |     5 ||    24
       Ration            |       |       |       |       |     1 ||     1
Armor: Animal skin       |     6 |    23 |       |       |       ||    29
       Chain mail        |       |     1 |     7 |    72 |       ||    80
       Plate armour      |       |       |       |    45 |   101 ||   146
Dodge: Dodged            |    15 |    30 |     8 |    93 |    73 ||   219
